 Dungeon Crawl Stone Soup version 0.30-a0-568-g124715a40b (webtiles) character file.

Game seed: 7116500296453783450

39341 PyroL the Geomancer (level 13, -4/113 HPs)
             Began as a Grey Draconian Ice Elementalist on Dec 28, 2022.
             Was a High Priest of Vehumet.
             Slain by a boulder beetle (18 damage)
             ... on level 5 of the Lair of Beasts on Dec 29, 2022.
             The game lasted 00:51:01 (17490 turns).

PyroL the Geomancer (DrIE)                         Turns: 17490, Time: 00:51:02

Health: -4/113     AC: 29    Str:  7    XL:     13   Next: 68%
Magic:  3/37       EV: 13    Int: 33    God:    Vehumet [*****.]
Gold:   1617       SH:  0    Dex: 12    Spells: 21/34 levels left

rFire   + + +      SeeInvis .    L - staff of cold
rCold   + . .      Faith    .    (no shield)
rNeg    + . .      Spirit   .    (body armour unavailable)
rPois   +          Reflect  .    t - +0 hat
rElec   .          Harm     .    i - +2 cloak {Stlth+}
rCorr   .          Rampage  .    f - +0 pair of gloves
Will    .....                    (no boots)
Stlth   +++                      l - amulet of Ujess {RegenMP rF+ rN+ Int+6}
HPRegen 0.38/turn                B - ring of wizardry
MPRegen 0.65/turn                V - ring "Bioc" {rPois rF+ MP+9 Str-5 Int+8}

@: ice-armoured
A: AC +13, amphibious, unfitting armour, cold-blooded, stinger 1, fire
resistance 1
a: Renounce Religion


You were on level 5 of the Lair of Beasts.
You worshipped Vehumet.
Vehumet was extremely pleased with you.
You visited 3 branches of the dungeon, and saw 17 of its levels.

You collected 1617 gold pieces.

Inventory:

Hand Weapons
 z - a +2 dagger of flaming
Missiles
 o - 17 poisoned darts
 O - 4 atropa-tipped darts
Armour
 f - a +0 pair of gloves (worn)
 i - a +2 cloak of stealth (worn)
 t - a +0 hat (worn)
Magical Staves
 L - a staff of cold (weapon)
Jewellery
 l - the amulet of Ujess (around neck) {RegenMP rF+ rN+ Int+6}
   (You acquired it on level 5 of the Dungeon)

   [amulet of magic regeneration]

   It increases your rate of magic regeneration.
   Int:       It affects your intelligence (+6).
   rF:        It protects you from fire.
   rN:        It protects you from negative energy.
 y - the ring of Xeqiffan {Fly rN++ Will- Str-5 Slay+4}
   (You found it on level 7 of the Dungeon)

   [ring of flight]

   Str:       It affects your strength (-5).
   Slay:      It affects your accuracy & damage with ranged weapons and melee
   (+4).
   rN:        It greatly protects you from negative energy.
   Fly:       It grants you flight.
   Will:      It decreases your willpower.
 B - a ring of wizardry (left hand)
 C - a ring of willpower
 I - a +6 ring of dexterity
 J - a +4 ring of protection
 Q - a +4 ring of slaying
 U - a ring of positive energy
 V - the ring "Bioc" (right hand) {rPois rF+ MP+9 Str-5 Int+8}
   (You found it on level 4 of the Lair of Beasts)

   [ring of magical power]

   Str:       It affects your strength (-5).
   Int:       It affects your intelligence (+8).
   rF:        It protects you from fire.
   rPois:     It protects you from poison.
   MP:        It affects your magic capacity (+9).
Wands
 D - a wand of charming (14)
 H - a wand of polymorph (2)
 K - a wand of quicksilver (9)
 P - a wand of digging (16)
 T - a wand of roots (3)
 W - a wand of flame (8)
Scrolls
 c - 2 scrolls of enchant weapon
 d - 2 scrolls of magic mapping {unknown}
 g - 3 scrolls of blinking
 j - 5 scrolls of immolation
 m - a scroll of fog
 n - 2 scrolls of fear
 q - a scroll of torment
 r - 6 scrolls of poison
 s - 4 scrolls of amnesia
 w - 12 scrolls of teleportation
 x - a scroll of brand weapon
 E - a scroll of enchant armour {unknown}
 G - 4 scrolls of vulnerability
Potions
 a - a potion of magic
 b - 4 potions of heal wounds
 e - a potion of mutation
 h - 5 potions of flight
 k - 6 potions of curing
 p - 3 potions of haste
 u - a potion of might
 v - 2 potions of brilliance
 A - 3 potions of lignification
 F - a potion of attraction
 M - a potion of cancellation
 S - a potion of invisibility {unknown}
Miscellaneous
 X - a phial of floods


   Skills:
 - Level 10.0 Fighting
 - Level 5.0 Dodging
 - Level 1.7 Stealth
 - Level 11.4 Spellcasting
 - Level 10.0 Conjurations
 + Level 12.2 Ice Magic
 + Level 12.6 Earth Magic


You had 21 spell levels left.
You knew the following spells:

 Your Spells              Type           Power      Damage    Failure   Level
a - Freeze                Ice            100%       1d10      0%          1
b - Ozocubu's Armour      Ice            99%        N/A       1%          3
c - Frozen Ramparts       Ice            100%       1d16      1%          3
d - Stone Arrow           Conj/Erth      100%       3d13      1%          3
e - Mephitic Cloud        Conj/Pois/Air  40%        N/A       1%          3

Your spell library contained the following spells:

 Spells                   Type           Power      Damage    Failure   Level
 Fulminant Prism          Conj/Hex       25%        3d14      1%          4
 Sandblast                Erth           100%       2d20      0%          1
 Sting                    Tmut/Pois      72%        1d6       1%          1
 Passwall                 Tmut/Erth      47%        N/A       1%          2
 Poisonous Vapours        Pois/Air       36%        N/A       1%          2
 Dazzling Flash           Conj/Hex       100%       N/A       1%          3
 Sticky Flame             Conj/Fire      51%        2d7       1%          4
 Summon Ice Beast         Ice/Summ       73%        N/A       1%          4
 Arcjolt                  Conj/Air       25%        1d35      1%          5
 Borgnjor's Vile Clutch   Necr/Erth      28%        N/A       1%          5
 Vhi's Electric Charge    Tloc/Air       36%        N/A       3%          3
 Olgreb's Toxic Radiance  Pois           18%        N/A       3%          4
 Animate Dead             Necr           18%        N/A       10%         4
 Lehudib's Crystal Spear  Conj/Erth      38%        10d9      16%         8
 Agony                    Necr           18%        N/A       26%         5
 Silence                  Hex/Air        9%         N/A       26%         5
 Death Channel            Necr           9%         N/A       80%         6
 Storm Form               Tmut/Air       9%         N/A       100%        7
 Maxwell's Capacitive Co  Air            9%         ∞         100%        8
 Animate Armour           Summ/Erth      Unusable   N/A       N/A         4

Dungeon Overview and Level Annotations

Branches:
Dungeon (11/15)            Temple (1/1) D:5            Lair (5/5) D:11
  Swamp (0/4) Lair:3        Snake (0/4) Lair:3          Orc (0/2) D:10
  Slime: Lair:4-5

Altars:
Ashenzari
Cheibriados
Dithmenos
Elyvilon
Fedhas
Gozag
Hepliaklqana
Kikubaaqudgha
Makhleb
Nemelex Xobeh
Okawaru
Qazlal
Ru
Sif Muna
Trog
Uskayaw
Vehumet
Wu Jian
Xom
Yredelemnul
Zin
The Shining One

Shops:
D:7 *

Annotations:
D:8 Gastronok


Innate Abilities, Weirdness & Mutations

Your dull iron-grey scales are very hard. (AC +13)
You are amphibious.
You cannot fit into any form of body armour.
You are cold-blooded and may be slowed by cold attacks.
Your tail ends in a venomous barb.
Your flesh is heat resistant. (rF+)


Message History

* * * LOW HITPOINT WARNING * * *
Casting: Stone Arrow (safe; 1% risk of failure)
Confirm with . or Enter, or press ? or * to list all spells.
You feel a surge of power! A film of ice covers your body!
The boulder beetle bites you but does no damage.
The blink frog barely misses you.
Casting: Ozocubu's Armour (safe; 1% risk of failure)
Confirm with . or Enter, or press ? or * to list all spells.
Aiming: Stone Arrow (safe; 1% risk of failure)
Press: ? - help, Shift-Dir - straight line, f/p - blink frog
Aim: a blink frog (severely wounded, 61% to hit)
The stone arrow hits the blink frog!
You kill the blink frog!
Vehumet accepts your kill.
You feel your power returning. The boulder beetle bites you.
* * * LOW HITPOINT WARNING * * *
Casting: Stone Arrow (safe; 1% risk of failure)
Confirm with . or Enter, or press ? or * to list all spells.
Aiming: Stone Arrow (safe; 1% risk of failure)
Press: ? - help, Shift-Dir - straight line, f - boulder beetle
Aim: a boulder beetle (100% to hit)
The stone arrow hits the boulder beetle but does no damage.
The boulder beetle closely misses you.
Casting: Stone Arrow (safe; 1% risk of failure)
Confirm with . or Enter, or press ? or * to list all spells.
Aiming: Stone Arrow (safe; 1% risk of failure)
Press: ? - help, Shift-Dir - straight line, f/p - boulder beetle
Aim: a boulder beetle (100% to hit)
The stone arrow hits the boulder beetle!
The boulder beetle is lightly wounded.
The boulder beetle bites you but does no damage.
Casting: Stone Arrow (safe; 1% risk of failure)
Confirm with . or Enter, or press ? or * to list all spells.
Aiming: Stone Arrow (safe; 1% risk of failure)
Press: ? - help, Shift-Dir - straight line, f/p - boulder beetle
Aim: a boulder beetle (lightly wounded, 100% to hit)
The stone arrow hits the boulder beetle.
The boulder beetle is lightly wounded.
The boulder beetle bites you!!
You die...

~~~.............P.....
............#.......P.....
.....~~≈≈~.....P........Y.
....~~≈≈≈≈~....P......#...
...~~≈≈≈≈≈~...............
..~≈≈≈≈≈≈≈~≈..............
..~≈≈≈≈≈~≈~...............
...~≈≈≈~.≈....†...###.....
....~..<.~...@†####.......
.............B............
.........#......PP#......#
.............†...........#
........P..............
.)..........#..##...(PP
######........## ...#PP
... #......... ......
#.......... .....


You could see a boulder beetle.

Vanquished Creatures
  Fannar (D:10)
  2 hydras
  Erolcha (D:10)
  The ghost of lotum the Covert, a journeyman OpTm (D:10)
  A catoblepas (Lair:4)
  A boulder beetle (Lair:4)
  3 two-headed ogres
  Lodul (D:11)
  4 lindwurms
  2 manticores (D:11)
  5 elephants (Lair:2)
  A cyclops (D:11)
  4 black mambas
  2 rime drakes
  Psyche (D:11)
  3 cane toads
  A gargoyle (D:8)
  3 komodo dragons
  2 trolls (D:11)
  4 polar bears
  A tyrant leech (Lair:3)
  11 dream sheep
  12 blink frogs
  2 shadows
  2 wraiths
  8 wyverns
  31 yaks
  A vampire (D:10)
  3 basilisks
  2 steam dragons
  2 wargs (D:10)
  7 vampire mosquitoes
  Menkaure (D:7)
  4 nagas (Lair:3)
  A swamp worm (Lair:3)
  2 acid dragons
  Duvessa (D:6)
  7 water moccasins
  12 orc warriors
  2 ice beasts
  2 sky beasts
  4 black bears
  11 ogres
  3 wolves (Lair:2)
  A phantom (D:6)
  7 centaurs
  13 bullfrogs
  A gnoll sergeant (D:6)
  A necrophage (D:5)
  2 scorpions
  4 wights
  Dowan (D:6)
  6 killer bees (D:8)
  A howler monkey (D:6)
  2 electric eels
  2 hounds (D:7)
  A jelly (D:7)
  Crazy Yiuf (D:2)
  3 orc priests
  2 iguanas
  14 orc wizards
  Robin (D:2)
  8 adders
  7 gnolls
  An ufetubus (D:6)
  A worm (D:2)
  A dart slug (D:3)
  46 orcs
  2 endoplasms
  2 giant cockroaches
  10 goblins
  4 hobgoblins
  6 jackals
  15 kobolds
  2 quokkas (D:1)
  9 ball pythons
  3 bats
  4 frilled lizards
  7 rats
366 creatures vanquished.

Vanquished Creatures (others)
  4 fungi
  14 plants
18 creatures vanquished.

Grand Total: 384 creatures vanquished

Notes
Turn   | Place    | Note
-------+----------+-------------------------------------------
     0 | D:1      | PyroL the Draconian Ice Elementalist began the quest for
                  | the Orb.
     0 | D:1      | Reached XP level 1. HP: 14/14 MP: 3/3
   185 | D:1      | Reached XP level 2. HP: 20/20 MP: 3/5
   530 | D:1      | Reached XP level 3. HP: 26/26 MP: 4/7
   534 | D:1      | Learned a level 3 spell: Ozocubu's Armour
   538 | D:1      | Learned a level 3 spell: Frozen Ramparts
  1260 | D:2      | Found a runed translucent door.
  1261 | D:2      | Noticed Crazy Yiuf
  1272 | D:2      | Killed Crazy Yiuf
  1273 | D:2      | Reached XP level 4. HP: 11/33 MP: 0/9
  1441 | D:2      | Reached skill level 5 in Ice Magic
  1723 | D:2      | Noticed Robin
  1739 | D:2      | Killed Robin
  2064 | D:3      | Reached XP level 5. HP: 36/38 MP: 11/11
  2439 | D:3      | Reached skill level 1 in Fighting
  3232 | D:4      | Reached XP level 6. HP: 33/51 MP: 4/12
  3538 | D:4      | Found an ancient bone altar of Kikubaaqudgha.
  3662 | D:5      | Entered Level 5 of the Dungeon
  3720 | D:5      | Reached skill level 5 in Fighting
  3905 | D:5      | Noticed an ice beast
  3924 | D:5      | Gained mutation: Your flesh is heat resistant. (rF+)
                  | [potion of mutation]
  3924 | D:5      | Gained mutation: Your tail ends in a venomous barb. [potion
                  | of mutation]
  3952 | D:5      | Your scales start taking on a dull iron-grey colour.
  3952 | D:5      | Reached XP level 7. HP: 22/61 MP: 5/13
  4205 | D:5      | Reached skill level 5 in Dodging
  4367 | D:5      | Found a staircase to the Ecumenical Temple.
  4378 | Temple   | Entered the Ecumenical Temple
  4524 | Temple   | Became a worshipper of Vehumet
  4599 | D:5      | Found an ornate altar of the Wu Jian Council.
  4694 | D:5      | Identified a scroll of acquirement
  4724 | D:5      | Acquired the amulet of Ujess {RegenMP rF+ rN+ Int+6}
  4956 | D:6      | Found a hide-covered altar of Uskayaw.
  5025 | D:6      | Reached XP level 8. HP: 68/68 MP: 9/14
  5390 | D:6      | Noticed Dowan
  5431 | D:6      | Killed Dowan
  5445 | D:6      | Noticed Duvessa
  5456 | D:6      | Killed Duvessa
  5731 | D:7      | Reached XP level 9. HP: 74/74 MP: 12/15
  5734 | D:7      | Reached skill level 10 in Ice Magic
  5747 | D:7      | Got the Parchment of the Kinetic Nimbus
  5759 | D:7      | Noticed Menkaure
  5769 | D:7      | Killed Menkaure
  5946 | D:7      | Reached * piety under Vehumet
  5946 | D:7      | Offered knowledge of Magic Dart by Vehumet.
  5947 | D:7      | Reached skill level 5 in Earth Magic
  6224 | D:7      | Reached skill level 10 in Earth Magic
  6224 | D:7      | Reached XP level 10. HP: 93/93 MP: 16/16
  6250 | D:7      | Learned a level 3 spell: Stone Arrow
  6273 | D:7      | Found a stormy altar of Qazlal.
  6293 | D:7      | Found an opulent altar of Gozag.
  6296 | D:7      | Found Gozag's Platinum Reserve.
  6342 | D:7      | Identified the ring of Xeqiffan {Fly rN++ Will- Str-5
                  | Slay+4}
  6394 | D:7      | Reached skill level 10 in Fighting
  6434 | D:7      | Reached skill level 1 in Conjurations
  6949 | D:8      | Found a bloodstained altar of Trog.
  7095 | D:8      | Noticed a gargoyle
  7376 | D:8      | Killed a gargoyle
  7462 | D:8      | Found a sacrificial altar of Ru.
  7513 | D:8      | Found a broken altar of Ashenzari.
  7584 | D:8      | Noticed Gastronok
  8002 | D:9      | Reached skill level 5 in Conjurations
  8005 | D:9      | Reached XP level 11. HP: 89/99 MP: 3/17
  8051 | D:9      | Found a white marble altar of Elyvilon.
  8083 | D:9      | Offered knowledge of Scorch by Vehumet.
  8153 | D:9      | Reached ** piety under Vehumet
  8590 | D:9      | Noticed a two-headed ogre
  8599 | D:9      | Killed a two-headed ogre
  8761 | D:9      | Found a runed translucent door.
  9137 | D:9      | Found a glowing golden altar of the Shining One.
  9210 | D:9      | Found a basalt altar of Yredelemnul.
  9321 | D:10     | Entered Level 10 of the Dungeon
  9336 | D:10     | Noticed a two-headed ogre
  9342 | D:10     | Killed a two-headed ogre
  9401 | D:10     | Found a runed translucent door.
  9404 | D:10     | Noticed lotum's ghost (journeyman OpTm)
  9431 | D:10     | Noticed Erolcha
  9441 | D:10     | Killed Erolcha
  9442 | D:10     | Reached skill level 5 in Spellcasting
  9538 | D:10     | Found a sparkling altar of Nemelex Xobeh.
  9810 | D:10     | Offered knowledge of Mephitic Cloud by Vehumet.
  9818 | D:10     | Learned a level 3 spell: Mephitic Cloud
  9869 | D:10     | Found a blossoming altar of Fedhas.
 10184 | D:10     | Found a staircase to the Orcish Mines.
 10205 | D:10     | Noticed Fannar
 10529 | D:10     | Killed lotum's ghost
 10810 | D:10     | Killed Fannar
 11425 | D:11     | Noticed a two-headed ogre
 11432 | D:11     | Killed a two-headed ogre
 11433 | D:11     | Reached XP level 12. HP: 102/106 MP: 13/21
 11499 | D:11     | Noticed Lodul
 11506 | D:11     | Reached skill level 10 in Conjurations
 11512 | D:11     | Killed Lodul
 11512 | D:11     | Reached *** piety under Vehumet
 11721 | D:11     | Found a staircase to the Lair.
 11990 | D:11     | Noticed Psyche
 11999 | D:11     | Killed Psyche
 12296 | Lair:1   | Entered Level 1 of the Lair of Beasts
 12409 | Lair:1   | Found a hide-covered altar of Uskayaw.
 13329 | Lair:2   | Offered knowledge of Kindle Blastsparks by Vehumet.
 13873 | Lair:2   | Reached skill level 10 in Spellcasting
 14856 | Lair:2   | Reached **** piety under Vehumet
 15009 | Lair:3   | Reached XP level 13. HP: 113/113 MP: 16/28
 15326 | Lair:3   | Offered knowledge of Flame Wave by Vehumet.
 15941 | Lair:3   | Found a staircase to the Snake Pit.
 16083 | Lair:3   | Found a staircase to the Swamp.
 16860 | Lair:4   | Identified the ring "Bioc" {rPois rF+ MP+9 Str-5 Int+8}
 17063 | Lair:4   | Found a broken altar of Ashenzari.
 17423 | Lair:5   | Entered Level 5 of the Lair of Beasts
 17470 | Lair:5   | Reached ***** piety under Vehumet
 17473 | Lair:5   | Offered knowledge of Fulminant Prism by Vehumet.
 17490 | Lair:5   | Slain by a boulder beetle

Illustrated notes

Levels and vault maps discovered:
D:1:      minmay_arrival_glassed_features, layout_basic,
          nicolae_concentric_dashed_squares_mild, kennysheep_minor_cross
D:2:      layout_basic, uniq_robin, uniq_crazy_yiuf_cottage
D:3:      layout_loops_ring
D:4:      layout_gridville, kiku_gazebo_pond_becter
D:5:      layout_basic, pdpol_wu_jian_five_deadly_venoms,
          minmay_temple_entry_statues_pillars
D:6:      layout_rooms, mainiacjoe_overflow_alcove_1, uniq_duvessa
D:7:      layout_loops_ring, mainiacjoe_overflow_tiny_flanked,
          nicolae_gozag_zags_fifth_avenue, chequers_serial_rivers_large_a,
          uniq_menkaure
D:8:      layout_basic, kennysheep_mini_moat, lemuel_tele_altar,
          amcnicky_altar_gilded, uniq_gastronok
D:9:      nicolae_cairo_tiling_large, layout_basic, kennysheep_mini,
          mainiacjoe_overflow_paths, nicolae_elyvilon_peaceful_grove,
          lightli_church_of_beogh
D:10:     layout_basic, fedhas_bush_and_centaur_altar,
          mainiacjoe_overflow_chevrons, david_orc_1_choice,
          hellmonk_ghost_happy_afterlife, kennysheep_generic_room_2,
          uniq_erolcha, uniq_fannar
D:11:     layout_basic, lair_entry_dummy, serial_glass, glass_columns_b,
          glass_columns_a, uniq_psyche, uniq_lodul
Temple:   kb_temple_of_zot
Lair:1:   layout_hall_layers, basic_altar, serial_bayou_pond_e
Lair:2:   layout_gridlike, serial_bayou_shore_a, grunt_megastairs_3
Lair:3:   layout_regular_city, minmay_swamp_entry_worms,
          minmay_snake_entry_guardpost_medium, nicolae_lair_lindhole
Lair:4:   layout_misc_corridors, basic_altar, lemuel_fruit_tree,
          grunt_megastairs_5
Lair:5:   hellmonk_lair_end_abyssal_woods, layout_gridlike,
          minmay_slime_entry_pillars, gammafunk_ghost_split,
          serial_bayou_shore_b, infiniplex_staircase_pool

Skill      XL: |  1  2  3  4  5  6  7  8  9 10 11 12 13 |
---------------+----------------------------------------+-----
Spellcasting   | 3 4 6 11 | 11.4
Ice Magic      | 5 9 10 12 | 12.2
Fighting       | 3 5 9 10 | 10.0
Dodging        | 3 5 |  5.0
Earth Magic    | 10 12 | 12.6
Conjurations   | 5 9 10 | 10.0
Stealth        | |  1.7

Action                   |  1- 3 |  4- 6 |  7- 9 | 10-12 | 13-15 || total
-------------------------+-------+-------+-------+-------+-------++-------
Melee: Unarmed           |    56 |       |       |       |       ||    56
       Tailslap          |     9 |    29 |    24 |    23 |       ||    85
       Punch             |     1 |     5 |     1 |     3 |       ||    10
       Dagger            |    31 |   218 |   135 |   103 |       ||   487
       Staff             |       |       |       |    13 |     3 ||    16
Throw: Dart              |       |     3 |     2 |     2 |       ||     7
       Throwing net      |       |       |     1 |       |       ||     1
 Cast: Freeze            |    29 |    33 |    42 |   153 |    38 ||   295
       Frozen Ramparts   |     1 |     9 |    20 |    56 |     6 ||    92
       Ozocubu's Armour  |     1 |     9 |    15 |    43 |     5 ||    73
       Stone Arrow       |       |       |       |   173 |   129 ||   302
  Use: Potion            |       |     4 |     1 |       |       ||     5
       Scroll            |       |       |     9 |     7 |     5 ||    21
 Stab: Sleeping          |     1 |     4 |       |     1 |       ||     6
Armor: Skin              |    29 |   135 |    93 |   226 |    44 ||   527
Dodge: Dodged            |    74 |   152 |   111 |   225 |    59 ||   621

Table legend: (Time is in decaauts)
 A = Elapsed time spent in this place.
 B = Non-inter-level travel time spent in this place.
 C = Inter-level travel time spent in this place.
 D = Time resting spent in this place.
 E = Time spent auto-exploring this place.
 F = Levels seen in this place.
 G = Mean time per level.
                   A        B        C        D        E       F      G
               +--------+--------+--------+--------+--------+-----+--------+
         Total |  17484 |  17021 |    463 |   2651 |  11226 |  17 | 1028.5 |
       Dungeon |  12111 |  11750 |    361 |   1710 |   7623 |  11 | 1101.0 |
        Temple |    177 |    129 |     48 |      0 |    122 |   1 |  177.0 |
          Lair |   5195 |   5141 |     54 |    941 |   3481 |   5 | 1039.0 |
               +--------+--------+--------+--------+--------+-----+--------+

Top non-repeatable levels by time:
    D:10: 1921 daAuts
  Lair:2: 1721 daAuts
  Lair:3: 1665 daAuts
     D:9: 1482 daAuts
     D:7: 1221 daAuts
     D:2: 1128 daAuts
     D:5: 1033 daAuts
    D:11: 1024 daAuts
  Lair:1: 984 daAuts
     D:8: 934 daAuts
     D:1: 915 daAuts
     D:6: 844 daAuts
     D:4: 820 daAuts
     D:3: 785 daAuts
  Lair:4: 756 daAuts
